 Dungeon Crawl Stone Soup version 0.23-a0-677-g07611c5 (webtiles) character file.

193 Lilu the Skirmisher (level 5, 0/32 HPs)
             Began as a Deep Elf Fighter on Jan 9, 2019.
             Was an Initiate of Okawaru.
             Killed from afar by an orc wizard (1 damage)
             ... with a magic dart
             ... on level 3 of the Dungeon.
             The game lasted 00:09:45 (2862 turns).

Lilu the Skirmisher (Deep Elf Fighter)              Turns: 2862, Time: 00:09:46

Health: 0/32       AC: 10    Str: 14    XL:     5   Next: 44%
Magic:  7/7        EV:  4    Int: 13    God:    Okawaru [......]
Gold:   60         SH:  8    Dex: 14    Spells: 4/4 levels left

rFire    . . .     SeeInvis .   a - +0 long sword
rCold    . . .     Gourm    .   c - +0 shield
rNeg     . . .     Faith    .   t - +0 chain mail
rPois    +         Spirit   .   (no helmet)
rElec    .         Reflect  .   (no cloak)
rCorr    .         Harm     .   e - +0 pair of gloves
MR       .....                  (no boots)
Stlth    ..........             (no amulet)
HPRegen  0.10/turn              h - ring of poison resistance
MPRegen  0.10/turn              (no ring)

@: flying
A: no striking features
a: Renounce Religion


You were on level 3 of the Dungeon.
You worshipped Okawaru.
Okawaru was noncommittal.
You were not hungry.

You visited 1 branch of the dungeon, and saw 3 of its levels.

You collected 60 gold pieces.

Inventory:

Hand Weapons
 a - a +0 long sword (weapon)
 s - a +0 falchion
Missiles
 r - 41 stones (quivered)
Armour
 b - a +0 scale mail
 c - a +0 shield (worn)
 e - a +0 pair of gloves (worn)
 t - a +0 chain mail (worn)
Jewellery
 h - a ring of poison resistance (left hand)
Scrolls
 g - a scroll of enchant weapon {unknown}
 i - a scroll of magic mapping {unknown}
 k - 3 scrolls of remove curse {unknown}
 l - 5 scrolls of teleportation {unknown}
 m - a scroll of enchant armour {unknown}
 n - 2 scrolls of identify {unknown}
 p - a scroll of blinking {unknown}
Potions
 d - a potion of might
 o - a potion of resistance {unknown}
 v - a potion of flight
Comestibles
 f - 3 rations


   Skills:
 + Level 3.1 Fighting
 + Level 2.8 Long Blades
 + Level 3.1 Armour
 + Level 2.5 Dodging
 + Level 3.1 Shields


You had 4 spell levels left.
You didn't know any spells.
Your spell library contained the following spells:

 Spells                   Type           Power        Failure   Level  Hunger
 Magic Dart               Conj           #...         100%        1    ##.....
 Blink                    Tloc           N/A          100%        2    ###....
 Call Imp                 Summ           #.......     100%        2    ###....
 Slow                     Hex            #.......     100%        2    ###....
 Conjure Flame            Conj/Fire      #.......     100%        3    ####...
 Mephitic Cloud           Conj/Pois/Air  #.......     100%        3    ####...


Dungeon Overview and Level Annotations

Branches:
Dungeon (3/15)

Altars:
Okawaru
Trog


Message History

It was a potion of cancellation.
Your magical effects are unravelling.
You feel magically purged.
You feel yourself speed up.
You feel a little less mighty now.
The orc wizard hits you but does no damage.
You block the orc's attack. The goblin barely misses you.
Something hits you but does no damage.
The orc wizard hits you but does no damage.
You block the goblin's attack. Something hits you but does no damage.
The orc hits you but does no damage.
It was a potion of flight.
You feel very buoyant.
You fly up into the air.
You block the orc wizard's attack. The goblin hits you but does no damage.
Something hits you but does no damage.
The orc wizard hits you but does no damage.
The orc hits you but does no damage.
It was a potion of magic.
Magic courses through your body. The orc wizard casts a spell at you.
The magic dart hits you!
You die...

.. .. ##
########################
......o#o...............
.....og@................
######{#................
#.###########...... #.
####...... #. #.........
#. #......... #.
####......... #.
............
###..........


You could see an orc wizard, 2 orcs and a goblin.

Vanquished Creatures
  An orc wizard (D:3)
  7 adders
  An ooze (D:2)
  A worm (D:2)
  4 dart slugs
  A leopard gecko (D:1)
  5 orcs (D:2)
  8 bats
  8 giant cockroaches
  7 hobgoblins
  14 jackals
  2 quokkas (D:3)
  2 frilled lizards (D:1)
  4 goblins
  7 kobolds
  4 rats
76 creatures vanquished.

Notes
Turn   | Place    | Note
-------+----------+-------------------------------------------
     0 | D:1      | Lilu the Deep Elf Fighter began the quest for the Orb.
     0 | D:1      | Reached XP level 1. HP: 13/13 MP: 3/3
   152 | D:1      | Reached XP level 2. HP: 15/18 MP: 4/4
   377 | D:1      | Reached skill level 1 in Dodging
   583 | D:1      | Reached XP level 3. HP: 20/22 MP: 5/5
  1387 | D:2      | Found an iron altar of Okawaru.
  1404 | D:2      | Became a worshipper of Warmaster Okawaru
  1464 | D:2      | Reached XP level 4. HP: 23/27 MP: 6/6
  1966 | D:2      | Found a bloodstained altar of Trog.
  2458 | D:3      | Found a glowing drain.
  2491 | D:3      | Reached XP level 5. HP: 9/32 MP: 7/7
  2859 | D:3      | HP: 1/32 [orc wizard/+0 dagger (1)]
  2862 | D:3      | Killed from afar by an orc wizard

Vault maps used:
D:1:      lightli_arrival_lavapool, minmay_misc_feat_cross
D:2:      nicolae_overflow_crystal_walls, lemuel_coloured_pillars_altar
D:3:      gup_sewer_entry_glass

Skill      XL: |  1  2  3  4 |
---------------+-------------+-----
Long Blades    | 2 |  2.8
Dodging        | 1 2 |  2.5
Fighting       | 3 |  3.1
Armour         | 3 |  3.1
Shields        | 3 |  3.1

Action                   |  1- 3 |  4- 6 || total
-------------------------+-------+-------++-------
Melee: Long sword        |   141 |   169 ||   310
  Use: Potion            |       |     5 ||     5
  Eat: Chunk             |     2 |     5 ||     7
Armor: Scale mail        |    80 |    18 ||    98
       Chain mail        |       |   188 ||   188
Dodge: Dodged            |    52 |    57 ||   109
Block: Shield            |    78 |   149 ||   227
       Rpst.: Long sword |    13 |    26 ||    39

Table legend:
 A = Non-vault XP
 B = Vault XP
 C = Vault XP percentage of total XP
 D = Non-vault monster count
 E = Vault monster count
 F = Vault count percentage of total count
                 A         B        C        D         E       F
            +---------+---------+-------+---------+---------+-------
      Total |     223 |      54 |  19.5 |      71 |       5 |   6.6
            +---------+---------+-------+---------+---------+-------
        D:1 |      50 |       0 |   0.0 |      27 |       0 |   0.0
        D:2 |      82 |       0 |   0.0 |      23 |       0 |   0.0
        D:3 |      91 |      54 |  37.2 |      21 |       5 |  19.2
            +---------+---------+-------+---------+---------+-------
